 Dungeon Crawl Stone Soup version 0.25-a0-189-gf71692caf1 (webtiles) character file.

Game seed: 9955380428951058434, levelgen mode: classic

4 EnegeticOcto the Skirmisher (level 1, 0/18 HPs)
             Began as a Mummy Berserker on Nov 29, 2019.
             Was a Follower of Trog.
             Slain by a kobold (2 damage)
             ... on level 1 of the Dungeon.
             The game lasted 00:00:08 (41 turns).

EnegeticOcto the Skirmisher (Mummy Berserker)         Turns: 41, Time: 00:00:08

Health: 0/18       AC:  2    Str: 20    XL:     1   Next: 50%
Magic:  1/1        EV: 12    Int:  6    God:    Trog [*.....]
Gold:   9          SH:  0    Dex: 11    Spells: 0/0 levels left

rFire    x . .     SeeInvis .   a - +0 falchion
rCold    + . .     Gourm    .   (no shield)
rNeg     + + +     Faith    .   b - +0 animal skin
rPois    ∞         Spirit   .   (no helmet)
rElec    .         Reflect  .   (no cloak)
rCorr    .         Harm     .   (no gloves)
MR       .....                  (no boots)
Stlth    +.........             (no amulet)
HPRegen  0.06/turn              (no ring)
MPRegen  0.07/turn              (no ring)

@: no status effects
A: no food or potions, fire vulnerability, cold resistance 1, negative energy
resistance 3, torment resistance, unbreathing
a: Renounce Religion


You were on level 1 of the Dungeon.
You worshipped Trog.
Trog was aware of your devotion.
You were not hungry.

You visited 1 branch of the dungeon, and saw 1 of its levels.

You collected 9 gold pieces.

Inventory:

Hand Weapons
 a - a +0 falchion (weapon)
Armour
 b - a +0 animal skin (worn)


   Skills:
 + Level 3.1 Fighting
 * Level 2.6 Long Blades
 - Level 1.5 Armour
 - Level 1.5 Dodging


You couldn't memorise any spells.
You didn't know any spells.
Your spell library was empty.

Dungeon Overview and Level Annotations

Branches:
Dungeon (1/15)

Altars:


Innate Abilities, Weirdness & Mutations

You do not eat or drink.
Your flesh is vulnerable to fire.
You are immune to poison.
Your flesh is cold resistant. (rC+)
You are immune to negative energy. (rN+++)
You are immune to unholy pain and torment.
You can survive without breathing.


Message History

Welcome, EnegeticOcto the Mummy Berserker.
Will you be the one to retrieve the fabled Orb of Zot from the depths?
Trog says: Kill them all!
Press ? for a list of commands and other information.
Found 8 stones and 9 gold pieces.
Found a staircase leading out of the dungeon.
The dwarf shouts!
The minotaur bellows!
You hear a shout!
The spriggan shouts!
You hear a bellow!
The formicid twitches its antennae in your direction.
You hear a shout!
Found a dagger.
The naga shouts!
Something completely misses the spriggan.
Something bites the spriggan!!!
The spriggan dies!
Something barely misses the centaur.
You now have 9 gold pieces.
Found an escape hatch in the floor.
A bat comes into view.
A rat comes into view.
The bat misses you.
There is an escape hatch in the floor here.
You closely miss the bat. The bat completely misses you.
The bat barely misses you. The bat hits you but does no damage.
You hit the bat.
You kill the bat!
Trog accepts your kill.
No target in view!
No target in view!
No target in view!
No target in view!
No target in view!
No target in view!
A hobgoblin comes into view.
The hobgoblin shouts!
A hobgoblin is nearby!
A hobgoblin is nearby!
A kobold comes into view.
The kobold shouts!
A hobgoblin comes into view.
A frilled lizard comes into view.
The frilled lizard hisses angrily.
The frilled lizard moves out of view.
You hit the hobgoblin.
The hobgoblin is lightly wounded.
The hobgoblin misses you.
You closely miss the hobgoblin.
The hobgoblin is lightly wounded.
The hobgoblin misses you. The hobgoblin closely misses you.
You closely miss the hobgoblin.
The hobgoblin is lightly wounded.
The hobgoblin barely misses you. The hobgoblin hits you.
You completely miss the hobgoblin.
The hobgoblin is lightly wounded.
The hobgoblin hits you. The kobold barely misses you. The hobgoblin hits you.
You are too injured to fight recklessly!
You are too injured to fight recklessly!
You are too injured to fight recklessly!
You are too injured to fight recklessly!
You are too injured to fight recklessly!
You are too injured to fight recklessly!
You are too injured to fight recklessly!
You are too injured to fight recklessly!
You are too injured to fight recklessly!
You are too injured to fight recklessly!
You are too injured to fight recklessly!
You are too injured to fight recklessly!
You are too injured to fight recklessly!
You are too injured to fight recklessly!
You are too injured to fight recklessly!
The kobold closely misses you.
You riposte.
You barely miss the kobold. The hobgoblin hits you.
The frilled lizard unfolds its giant frill.
You barely miss the hobgoblin. The hobgoblin hits you.
* * * LOW HITPOINT WARNING * * *
You hit the hobgoblin.
The hobgoblin is almost dead.
The hobgoblin misses you.
You riposte.
You slash the hobgoblin!
You kill the hobgoblin!
Trog accepts your kill.
You barely miss the frilled lizard. The frilled lizard barely misses you.
You riposte.
You slash the frilled lizard!
You kill the frilled lizard!
Trog accepts your kill. The hobgoblin barely misses you.
You riposte.
You completely miss the hobgoblin.
The hobgoblin is lightly wounded.
You see here a hobgoblin corpse.
You hit the hobgoblin.
You kill the hobgoblin!
Trog accepts your kill.
You hit the kobold but do no damage. The kobold hits you.
You die...

#........ .. #.......
....####.......
#........#
###....#.......
#....#.^........
.....#r##...........
....###K##...........
... #@##.#......... ..
#.##.#.........
....###.##.#.........
.......>.............
...#.#..####.........
#....# #.........
.....### #.#......#
...... ####.########
.....##.#......######..


You could see a kobold and a rat.

Vanquished Creatures
  2 hobgoblins (D:1)
  A bat (D:1)
  A frilled lizard (D:1)
4 creatures vanquished.

Vanquished Creatures (others)
  A kraken (D:1)
  A draconian (D:1)
  An elf (D:1)
  A formicid (D:1)
  A spriggan (D:1)
  2 nagas (D:1)
  A dwarf (D:1)
  A centaur (D:1)
  A kobold (D:1)
  8 tentacles (D:1)
18 creatures vanquished.

Grand Total: 22 creatures vanquished

Notes
Turn   | Place    | Note
-------+----------+-------------------------------------------
     0 | D:1      | EnegeticOcto the Mummy Berserker began the quest for the
                  | Orb.
     0 | D:1      | Reached XP level 1. HP: 18/18 MP: 1/1
     0 | D:1      | Noticed a naga
     0 | D:1      | Noticed a spriggan
     0 | D:1      | Noticed a centaur
     0 | D:1      | Noticed a dwarf
     0 | D:1      | Noticed a naga
     0 | D:1      | Noticed a kraken
     0 | D:1      | Noticed a minotaur
     0 | D:1      | Noticed a draconian
     0 | D:1      | Noticed a formicid
     0 | D:1      | Noticed an elf
     0 | D:1      | Noticed a minotaur
     0 | D:1      | Noticed a vine stalker
     2 | D:1      | Killed an elf
     6 | D:1      | Killed a spriggan
     8 | D:1      | Killed a centaur
     9 | D:1      | Killed a dwarf
    10 | D:1      | Killed a formicid
    11 | D:1      | Killed a naga
    15 | D:1      | Killed a draconian
    15 | D:1      | Killed a naga
    16 | D:1      | Killed a kraken
    41 | D:1      | Slain by a kobold

Levels and vault maps discovered:
D:1:      nicolae_arrival_kraken_aquarium_a, layout_rooms, minmay_tripent

Action                   || total
-------------------------++-------
Melee: Falchion          ||    11
Armor: Animal skin       ||     1
Dodge: Dodged            ||    12
       Rpst.: Falchion   ||     4

Table legend:
 A = Non-vault XP
 B = Vault XP
 C = Vault XP percentage of total XP
 D = Non-vault monster count
 E = Vault monster count
 F = Vault count percentage of total count
                 A         B        C        D         E       F
            +---------+---------+-------+---------+---------+-------
      Total |       6 |       0 |   0.0 |       4 |       0 |   0.0
            +---------+---------+-------+---------+---------+-------
        D:1 |       6 |       0 |   0.0 |       4 |       0 |   0.0
            +---------+---------+-------+---------+---------+-------
